 Dungeon Crawl Stone Soup version 0.24-a0-7-g1bb0902 (webtiles) character file.

Game seed: 11724717198683475417

10600 Ijustatesigmund the Cleaver (level 11, 0/103 HPs)
             Began as a Hill Orc Fighter on Jan 29, 2019.
             Was a Follower of Cheibriados.
             Slain by an orc warrior
             ... wielding a +0 glaive
              (22 damage)
             ... in a bailey on Jan 30, 2019.
             The game lasted 00:30:08 (14538 turns).

Ijustatesigmund the Cleaver (Hill Orc Fighter)     Turns: 14538, Time: 00:30:09

Health: 0/103      AC: 20    Str: 27    XL:     11   Next: 64%
Magic:  11/11      EV:  7    Int: 10    God:    Cheibriados [*.....]
Gold:   505        SH: 11    Dex: 15    Spells: 10/10 levels left

rFire    . . .     SeeInvis .   a - +0 war axe (venom)
rCold    . . .     Gourm    .   c - +0 shield
rNeg     . . .     Faith    .   i - +0 plate armour
rPois    +         Spirit   .   l - +0 helmet
rElec    .         Reflect  .   q - +0 cloak
rCorr    .         Harm     .   (no gloves)
MR       .....                  u - +1 pair of boots
Stlth    ..........             (no amulet)
HPRegen  0.27/turn              m - ring of poison resistance
MPRegen  0.12/turn              p - ring of wizardry

@: mighty, very slow
A: no striking features
a: Bend Time, Renounce Religion


You were in a bailey.
You worshipped Cheibriados.
Cheibriados was aware of your devotion.
You were not hungry.

You visited 1 branch of the dungeon, and saw 10 of its levels.
You also visited: Bailey.

You collected 661 gold pieces.
You spent 156 gold pieces at shops.

Inventory:

Hand Weapons
 a - a +0 war axe of venom (weapon)
Armour
 b - a +0 scale mail
 c - a +0 shield (worn)
 i - a +0 plate armour (worn)
 l - a +0 helmet (worn)
 q - a +0 cloak (worn)
 u - a +1 pair of boots (worn)
 x - the +3 hat of Pondering {ponderous, MR+ MP+10 Int+5}
   (You took it off Gastronok on level 8 of the Dungeon)

   It affects your intelligence (+5).
   It affects your resistance to hostile enchantments.
   It affects your magic capacity (+10).
Jewellery
 m - a ring of poison resistance (left hand)
 p - a ring of wizardry (right hand)
Scrolls
 e - 5 scrolls of teleportation
 j - a scroll of remove curse
 n - a scroll of identify
 t - a scroll of immolation
 y - a scroll of fog
Potions
 d - a potion of might
 g - 7 potions of curing
 h - a potion of magic
 k - a potion of lignification
 o - 2 potions of heal wounds
 r - 2 potions of cancellation
 s - 2 potions of brilliance
 w - a potion of ambrosia
Comestibles
 f - 9 rations
 v - 3 chunks of flesh


   Skills:
 - Level 11.6 Fighting
 - Level 13.4 Axes
 - Level 10.9 Armour
 + Level 3.2 Dodging
 + Level 5.6 Shields
 + Level 1.1 Invocations


You had 10 spell levels left.
You didn't know any spells.
Your spell library contained the following spells:

 Spells                   Type           Power        Failure   Level  Hunger
 Beastly Appendage        Tmut           #.....       98%         1    ##.....
 Sticks to Snakes         Tmut           #.......     99%         2    ###....
 Spider Form              Tmut/Pois      #.........   100%        3    ####...
 Ice Form                 Ice/Tmut       #.......     100%        4    #####..
 Blade Hands              Tmut           #.........   100%        5    ######.


Dungeon Overview and Level Annotations

Branches:
Dungeon (10/15)            Temple (0/1) D:6            Lair (0/6) D:8
    Orc: D:9-12

Altars:
Cheibriados
Fedhas
Gozag
Nemelex Xobeh
Qazlal
Trog
Wu Jian
Xom

Shops:
D:5 %   D:8 !   D:9 (


Message History

Your shield and plate armour prevent you from hitting the orc warrior.
The orc warrior is lightly wounded.
You block the orc warrior's attack.
The orc knight hits you from afar with a +0 trident.
You closely miss the orc warrior.
The orc warrior is lightly wounded.
You block the orc warrior's attack.
The orc warrior hits you from afar with a +0 glaive!
The orc knight hits you but does no damage.
The orc warrior hits you but does no damage.
Your plate armour prevents you from hitting the orc warrior.
The orc warrior is lightly wounded.
You block the orc warrior's attack. The orc knight barely misses you.
The orc warrior hits you from afar with a +0 glaive!
* * * LOW HITPOINT WARNING * * *
The orc warrior hits you from afar with a cursed -3 halberd!
* * * LOW HITPOINT WARNING * * *
You block the orc knight's attack.
The orc warrior hits you with a +0 glaive!!
You die...

...≈≈#.#≈≈...............≈≈#.#
...≈##.##≈...............≈##.##
...≈..^.o≈...............≈o.^..≈.
...≈##.∩#≈.........(.....≈#o.##≈.
...≈≈#.#≈≈....#######(...≈≈#o#≈≈.
....≈≈≈≈≈.....##....##(...≈≈≈≈≈..
..............##.....##(.........
......o...(...##'''#..##(........
..........##.(##@[∩##..#.(.......
.........(##)####o####.##(.......
..........##.'(#ooo#)'.##(.......
.........(##.###._.###.##(.......
.........(##.')#!.)#)'.##(.......
.........(##.#########.##(.......
.........(.#..##)#)##..#(........
..........(##..#'#'#..##(........
...........(##.......##(.........


You could see an orc knight and 2 orc warriors.

Vanquished Creatures
  Gastronok (D:8)
  Pikel (D:8)
  A troll (D:9)
  A hippogriff (D:7)
  A spriggan (D:8)
  A basilisk (D:8)
  10 yaks
  3 hungry ghosts
  4 soldier ants (D:8)
  2 water moccasins (D:8)
  3 porcupines (D:8)
  4 orc warriors
  2 sky beasts
  A necrophage (D:6)
  2 slaves (D:8)
  4 centaurs
  2 ice beasts
  5 ogres
  A phantom (D:7)
  3 crocodiles (D:8)
  A bullfrog (D:3)
  2 gnoll sergeants (D:7)
  2 wyvern zombies
  14 killer bees
  4 scorpions
  11 electric eels
  A howler monkey (D:6)
  A quasit (D:9)
  2 crimson imps
  A water moccasin simulacrum (D:9)
  8 hounds
  3 jellies
  6 orc priests
  6 orc wizards
  An iguana (D:6)
  Natasha (thrice) (D:3)
  10 worker ants
  A killer bee zombie (D:9)
  A hound skeleton (D:4)
  20 gnolls
  2 howler monkey skeletons
  8 adders
  A shadow imp (D:5)
  A white imp (D:9)
  2 ufetubi (D:9)
  An adder zombie (D:7)
  An adder skeleton (D:7)
  A worm (D:2)
  2 dart slugs
  4 leopard geckos
  37 orcs
  6 giant cockroaches
  4 goblins
  5 hobgoblins
  12 jackals
  9 kobolds
  6 quokkas
  A ball python (D:3)
  7 bats
  5 frilled lizards
  10 rats
  8 plants
283 creatures vanquished.

Vanquished Creatures (others)
  A slave (D:8)
  An ufetubus (D:9)
  An orc (D:7)
  A bush (D:8)
  15 plants
19 creatures vanquished.

Grand Total: 302 creatures vanquished

Notes
Turn   | Place    | Note
-------+----------+-------------------------------------------
     0 | D:1      | Ijustatesigmund the Hill Orc Fighter began the quest for
                  | the Orb.
     0 | D:1      | Reached XP level 1. HP: 19/19 MP: 1/1
   117 | D:1      | Reached skill level 3 in Axes
   197 | D:1      | Reached XP level 2. HP: 26/26 MP: 2/2
   216 | D:1      | Reached skill level 4 in Axes
   329 | D:1      | Reached XP level 3. HP: 9/31 MP: 3/3
  1107 | D:2      | Reached skill level 5 in Axes
  1113 | D:2      | Reached XP level 4. HP: 20/39 MP: 4/4
  1255 | D:2      | Found a shimmering altar of Xom.
  1296 | D:2      | Reached skill level 6 in Axes
  1926 | D:2      | Found a blossoming altar of Fedhas.
  2242 | D:2      | Reached XP level 5. HP: 44/45 MP: 5/5
  2323 | D:3      | Noticed Natasha
  2638 | D:3      | Reached skill level 7 in Axes
  2639 | D:3      | Killed Natasha
  2639 | D:3      | Reached XP level 6. HP: 39/52 MP: 6/6
  2707 | D:3      | Noticed Natasha
  2713 | D:3      | Killed Natasha
  2751 | D:3      | Noticed Natasha
  2757 | D:3      | Killed Natasha
  3345 | D:3      | Found a stormy altar of Qazlal.
  3553 | D:4      | Reached skill level 5 in Armour
  3626 | D:4      | Reached XP level 7. HP: 58/60 MP: 7/7
  3989 | D:5      | Entered Level 5 of the Dungeon
  4077 | D:5      | Found a sparkling altar of Nemelex Xobeh.
  4080 | D:5      | Found a bloodstained altar of Trog.
  4083 | D:5      | Found a snail-covered altar of Cheibriados.
  4184 | D:5      | Reached skill level 5 in Fighting
  4195 | D:5      | Found Ojeenwan's Food Shoppe.
  4407 | D:5      | Reached skill level 8 in Axes
  5293 | D:6      | Reached XP level 8. HP: 48/69 MP: 8/8
  5543 | D:6      | Found a staircase to the Ecumenical Temple.
  6132 | D:6      | Reached skill level 9 in Axes
  6375 | D:6      | Reached skill level 1 in Dodging
  6590 | D:6      | Reached XP level 9. HP: 78/78 MP: 9/9
  8117 | D:7      | Reached skill level 10 in Axes
  8138 | D:7      | Found an ornate altar of the Wu Jian Council.
  8169 | D:7      | Reached skill level 5 in Shields
  8616 | D:7      | Upgraded the game from 0.23-a0-899-gbbae0a3 to
                  | 0.24-a0-7-g1bb0902
  8820 | D:7      | Reached XP level 10. HP: 55/90 MP: 10/10
  9112 | D:7      | Reached skill level 11 in Axes
  9374 | D:8      | Found a runed translucent gate.
  9376 | D:8      | Found the +9 staff of Olgreb {rPois}
  9376 | D:8      | Found a runed translucent gate.
  9377 | D:8      | Found a runed translucent door.
  9387 | D:8      | Found a runed translucent gate.
  9391 | D:8      | Found a runed translucent door.
  9710 | D:8      | Found Jiosh's Distillery.
  9715 | D:8      | Bought a potion of heal wounds for 60 gold pieces
  9715 | D:8      | Bought 2 potions of might for 96 gold pieces
  9775 | D:8      | Reached skill level 10 in Fighting
  9775 | D:8      | Reached skill level 12 in Axes
  9790 | D:8      | Found a staircase to the Lair.
  9915 | D:8      | Noticed Gastronok
  9930 | D:8      | Killed Gastronok
  9930 | D:8      | Reached skill level 10 in Armour
  9930 | D:8      | Reached XP level 11. HP: 48/101 MP: 11/11
 10270 | D:8      | Noticed Pikel
 10286 | D:8      | Killed Pikel
 10483 | D:8      | Reached skill level 13 in Axes
 11096 | D:9      | Found Evi Afrum's Weapon Emporium.
 13329 | D:5      | Became a worshipper of Cheibriados the Contemplative
 13421 | D:10     | Entered Level 10 of the Dungeon
 13447 | D:10     | Found an opulent altar of Gozag.
 13533 | D:10     | Found a flagged portal.
 13553 | Bailey   | Entered a bailey
 14481 | Bailey   | Reached * piety under Cheibriados
 14495 | Bailey   | Reached skill level 1 in Invocations
 14523 | Bailey   | Found a roughly hewn altar of Beogh.
 14525 | Bailey   | Noticed an orc knight
 14538 | Bailey   | Slain by an orc warrior

Vault maps used:
D:1:      dpeg_arrival_central, chequers_serial_rivers_small_a,
          corexii_item_surrounded_by_moat, chequers_serial_rivers_room_b,
          minmay_shallow_snake_nest
D:2:      lemuel_doored_altar, first_ration, fedhas_altar_fruit_tree
D:3:      nicolae_qazlal_eye_of_the_storm, uniq_natasha
D:5:      grunt_temple_overflow_diamond, serial_shops, shop, minivault_14
D:6:      minmay_temple_entry_wispy
D:7:      kennysheep_little_box, serial_bayou, serial_bayou_lagoon_a,
          serial_bayou_crossing, serial_bayou_pond_e, serial_bayou_shore_a,
          serial_bayou_pond_b, serial_bayou_shore_b
D:8:      minmay_lair_entry_grove, serial_shops, shop, the_bakery,
          minmay_guarded_unrand_staff_of_olgreb, uniq_gastronok, uniq_pikel
D:9:      serial_shops, shop_statue, serial_ice, serial_ice_k, serial_ice_m,
          serial_ice_h, serial_ice_n, chequers_big_river
D:10:     serial_shops, shop, lightli_bailey_entry_fortress, nrook_mini_vaults,
          nicolae_gozag_cash_rules_everything_around_me
Bailey:   bailey_polearm_2, bailey

Skill      XL: |  1  2  3  4  5  6  7  8  9 10 11 |
---------------+----------------------------------+-----
Axes           | 3 4 5 6 7 8 9 10 12 13 | 13.4
Fighting       | 4 5 6 8 10 11 | 11.6
Armour         | 4 5 6 7 8 10 | 10.9
Dodging        | 1 3 |  3.2
Shields        | 4 5 |  5.6
Invocations    | 1 |  1.1

Action                   |  1- 3 |  4- 6 |  7- 9 | 10-12 || total
-------------------------+-------+-------+-------+-------++-------
Melee: War axe           |    83 |   198 |   447 |   393 ||  1121
Evoke: Wand              |       |       |    10 |    20 ||    30
  Use: Potion            |       |     4 |       |     7 ||    11
       Scroll            |       |     7 |     1 |    13 ||    21
  Eat: Chunk             |       |     9 |    13 |     9 ||    31
       Ration            |       |       |     7 |     3 ||    10
Armor: Scale mail        |    45 |    35 |       |       ||    80
       Skin              |       |     1 |       |       ||     1
       Plate armour      |       |    95 |   254 |   230 ||   579
Dodge: Dodged            |    21 |    44 |    68 |   120 ||   253
Block: Shield            |    58 |   123 |   190 |   212 ||   583

Table legend:
 A = Non-vault XP
 B = Vault XP
 C = Vault XP percentage of total XP
 D = Non-vault monster count
 E = Vault monster count
 F = Vault count percentage of total count
                 A         B        C        D         E       F
            +---------+---------+-------+---------+---------+-------
      Total |    8062 |    7082 |  46.8 |     212 |      62 |  22.6
            +---------+---------+-------+---------+---------+-------
        D:1 |      30 |      13 |  30.2 |      20 |       1 |   4.8
        D:2 |     128 |       0 |   0.0 |      29 |       0 |   0.0
        D:3 |     302 |      35 |  10.4 |      30 |       1 |   3.2
        D:4 |     165 |       0 |   0.0 |       8 |       0 |   0.0
        D:5 |     365 |       0 |   0.0 |      11 |       0 |   0.0
        D:6 |    1789 |       0 |   0.0 |      33 |       0 |   0.0
        D:7 |    2134 |       0 |   0.0 |      43 |       0 |   0.0
        D:8 |     266 |    6375 |  96.0 |       6 |      34 |  85.0
        D:9 |    2843 |     286 |   9.1 |      31 |       6 |  16.2
       D:10 |      40 |      89 |  69.0 |       1 |      12 |  92.3
     Bailey |       0 |     284 | 100.0 |       0 |       8 | 100.0
            +---------+---------+-------+---------+---------+-------
